 Dungeon Crawl Stone Soup version 0.30-b1-2-g02819fbbbe (webtiles) character file.

Game seed: 9149233696533721062

271 Mesmaeker13 the Digger (level 5, -5/38 HPs)
             Began as a Demigod Earth Elementalist on June 18, 2023.
             Slain by Duvessa
             ... wielding a +1 short sword of electrocution
              (12 damage)
             ... on level 4 of the Dungeon.
             The game lasted 00:03:55 (3089 turns).

Mesmaeker13 the Digger (Demigod Earth Elementalist) Turns: 3089, Time: 00:03:56

Health: -5/38      AC:  6    Str:  9    XL:     5   Next: 70%
Magic:  8/13       EV: 13    Int: 21    God:
Gold:   228        SH:  0    Dex: 14    Spells: 6/10 levels left

rFire   . . .        d - +3 dagger (elec)
rCold   . . .        (no shield)
rNeg    . . .        a - +0 robe
rPois   .            q - +2 helmet
rElec   .            i - +0 cloak
rCorr   .            (no gloves)
SInv    .            (no boots)
Will    .....        (no amulet)
Stlth   ++           m - ring of wizardry
HPRegen 0.26/turn    (no ring)
MPRegen 0.13/turn

%: wizardry (x1)
@: no status effects
A: high MP 1, forlorn, divine attributes
a: no special abilities


You were on level 4 of the Dungeon.
You visited 1 branch of the dungeon, and saw 6 of its levels.

You collected 228 gold pieces.

Inventory:

Hand Weapons
 d - a +3 dagger of electrocution (weapon)
Missiles
 o - 11 poisoned darts (quivered)
Armour
 a - a +0 robe (worn)
 i - a +0 cloak (worn)
 q - a +2 helmet (worn)
Jewellery
 m - a ring of wizardry (left hand)
 p - an amulet of the acrobat
Scrolls
 c - a scroll of enchant weapon {unknown}
 h - a scroll of teleportation
 j - a scroll of fog {unknown}
 k - 2 scrolls of silence
 l - a scroll of poison {unknown}
 n - a scroll of noise
 u - a scroll of enchant armour {unknown}
Potions
 b - a potion of magic
 e - a potion of curing
 f - a potion of berserk rage {unknown}
 g - a potion of degeneration {unknown}
 s - a potion of mutation {unknown}
 t - a potion of lignification {unknown}
 v - 2 potions of brilliance {unknown}


   Skills:
 + Level 3.5 Dodging
 - Level 1.7 Stealth
 + Level 3.3 Spellcasting
 - Level 0.8 Transmutations
 + Level 4.1 Earth Magic


You had 6 spell levels left.
You knew the following spells:

 Your Spells              Type           Power      Damage    Failure   Level
a - Sandblast             Erth           42%        2d11      1%          1
b - Stone Arrow           Conj/Erth      24%        3d8       6%          3

Your spell library contained the following spells:

 Spells                   Type           Power      Damage    Failure   Level
 Passwall                 Tmut/Erth      11%        N/A       2%          2
 Petrify                  Tmut/Erth      14%        N/A       17%         4


Dungeon Overview and Level Annotations

Branches:
Dungeon (6/15)             Temple (0/1) D:5

Annotations:
D:4 Dowan, Duvessa


Innate Abilities, Weirdness & Mutations

You have an increased reservoir of magic. (+10% MP)
You shall have no god before yourself.
Your divine heritage dramatically boosts your attributes as you level up.


Message History

The blast of sand hits Duvessa.
Duvessa is lightly wounded.
Duvessa shouts!
Casting: Sandblast (safe; 1% risk of failure)
Confirm with . or Enter, or press ? or * to list all spells.
Aiming: Sandblast (safe; 1% risk of failure)
Press: ? - help, Shift-Dir - straight line, f/p - Duvessa
Aim: Duvessa, wielding a +1 short sword of electrocution and wearing a +0 chain mail (lightly wounded, 90% to hit)
The blast of sand hits Duvessa but does no damage.
Duvessa is lightly wounded.
Casting: Sandblast (safe; 1% risk of failure)
Confirm with . or Enter, or press ? or * to list all spells.
Aiming: Sandblast (safe; 1% risk of failure)
Press: ? - help, Shift-Dir - straight line, f/p - Duvessa
Aim: Duvessa, wielding a +1 short sword of electrocution and wearing a +0 chain mail (lightly wounded, 90% to hit)
The blast of sand hits Duvessa but does no damage.
Duvessa is lightly wounded.
Duvessa hits you with a +1 short sword of electrocution!
Duvessa hits you with a +1 short sword of electrocution.
You are electrocuted!
* * * LOW HITPOINT WARNING * * *
Casting: Sandblast (safe; 1% risk of failure)
Confirm with . or Enter, or press ? or * to list all spells.
Aiming: Sandblast (safe; 1% risk of failure)
Press: ? - help, Shift-Dir - straight line, f/p - Duvessa
Aim: Duvessa, wielding a +1 short sword of electrocution and wearing a +0 chain mail (lightly wounded, 90% to hit)
The blast of sand hits Duvessa but does no damage.
Duvessa is lightly wounded.
Duvessa hits you but does no damage.
Casting: Sandblast (safe; 1% risk of failure)
Confirm with . or Enter, or press ? or * to list all spells.
Aiming: Sandblast (safe; 1% risk of failure)
Press: ? - help, Shift-Dir - straight line, f/p - Duvessa
Aim: Duvessa, wielding a +1 short sword of electrocution and wearing a +0 chain mail (lightly wounded, 90% to hit)
The blast of sand hits Duvessa but does no damage.
Duvessa is lightly wounded.
Duvessa hits you with a +1 short sword of electrocution.
* * * LOW HITPOINT WARNING * * *
Duvessa hits you with a +1 short sword of electrocution!
You die...

#..#.. #. #.#... #. ##.##.#
#.######..##.# #.#...........
#.#<####..##.# #.#.# #..##.#
##############.#.# #..##.#
#######...##....@e.....####.....#
........#.##.####...........###
##.#.#....##.# #.##...###..#
#............# #.##...........
#.####.####..# #.##...#######.
#.##.....##..# #.##...#
#.#.......#..# #......#
#.#.......#..####..##..#
#....._................#


You could see Duvessa.

Vanquished Creatures
  A phantom (D:6)
  The ghost of Voryis the Vexing, a weakling GnHs (D:3)
  A hound (D:4)
  A mummy (D:3)
  4 adders
  A white imp (D:6)
  An ufetubus (D:4)
  4 worms (D:3)
  A dart slug (D:3)
  An orc (D:4)
  6 bats
  7 endoplasms
  4 giant cockroaches
  8 goblins
  A hobgoblin (D:2)
  3 jackals (D:3)
  5 ball pythons
  2 frilled lizards
  3 kobolds
  4 rats
59 creatures vanquished.

Notes
Turn   | Place    | Note
-------+----------+-------------------------------------------
     0 | D:1      | Mesmaeker13 the Demigod Earth Elementalist began the quest
                  | for the Orb.
     0 | D:1      | Reached XP level 1. HP: 14/14 MP: 5/5
   388 | D:1      | Reached XP level 2. HP: 20/20 MP: 5/7
   805 | D:2      | Reached skill level 3 in Earth Magic
  1696 | D:3      | Reached XP level 3. HP: 20/26 MP: 6/9
  1706 | D:3      | Learned a level 3 spell: Stone Arrow
  1750 | D:3      | Found a runed translucent door.
  1870 | D:3      | You fall into a shaft and drop 3 floors!
  1904 | D:6      | Noticed a phantom
  1911 | D:6      | Killed a phantom
  1912 | D:6      | Reached XP level 4. HP: 23/33 MP: 4/11
  1958 | D:5      | Entered Level 5 of the Dungeon
  1968 | D:5      | Found a staircase to the Ecumenical Temple.
  2108 | D:3      | Noticed Voryis's ghost (weakling GnHs)
  2518 | D:3      | Found a runed translucent door.
  2546 | D:3      | Reached XP level 5. HP: 38/38 MP: 7/12
  2571 | D:3      | Killed Voryis's ghost
  2572 | D:3      | Reached skill level 4 in Earth Magic
  2829 | D:4      | Noticed Dowan
  2850 | D:4      | Noticed Duvessa
  3089 | D:4      | Slain by Duvessa

Illustrated notes

Levels and vault maps discovered:
D:1:      minmay_arrival_five_plusses, layout_loops_ring,
          ebering_ecumenical_altar_box
D:2:      layout_loops_corners, corexii_shack, nrook_uturn
D:3:      layout_rooms, slow_altar_2, nicolae_ashenzari_panopticon,
          ebering_ghost_sewer_f, kennysheep_flooded_box
D:4:      layout_loops_ring, nzn_hepliaklqana_mist_gate, old_standard_altar,
          roderic_roman_lattice, uniq_duvessa
D:5:      layout_layer_cave, marbit_many_paths,
          mainiacjoe_overflow_tiny_flanked, minmay_temple_entry_wispy
D:6:      layout_rooms, elyvilon_altar_3

Skill      XL: |  1  2  3  4  5 |
---------------+----------------+-----
Dodging        | 2 3 |  3.5
Spellcasting   | 2 3 |  3.3
Earth Magic    | 3 4 |  4.1
Stealth        | |  1.7
Transmutations | |  0.8

Action                     |  1- 3 |  4- 6 || total
---------------------------+-------+-------++-------
  Melee: Dagger            |    11 |     3 ||    14
  Throw: Dart              |       |     2 ||     2
   Cast: Sandblast         |    49 |    57 ||   106
    Use: Scroll            |       |     5 ||     5
         Potion            |       |     2 ||     2
 Armour: Robe              |    12 |    11 ||    23
  Dodge: Dodged            |    18 |    24 ||    42
